 Dungeon Sprint DCSS version 0.22-a0-113-gdd6f4a9 (webtiles) character file.

501750 Loading the Intangible (level 20, 190/190 HPs)
             Began as a Gnoll Monk on Jan 28, 2018.
             Was the Champion of Qazlal.
             Escaped with the Orb!
             The game lasted 00:37:44 (5403 turns).

Loading the Intangible (Gnoll Monk)                 Turns: 5403, Time: 00:37:45

Health: 190/190    AC: 35    Str: 18    XL:     20   Next: 35%
Magic:  51/51      EV: 17    Int: 17    God:    Qazlal [******]
Gold:   0          SH: 44    Dex: 21    Spells: 73/73 levels left

rFire    + + +     SeeInvis +   G - +6 shillelagh "Devastator" {shatter}
rCold    + + .     Gourm    .   E - +18 shield of the Gong {rElec rN+ MR+ EV-5}
rNeg     + . .     Faith    .   b - +5 gold dragon scales
rPois    +         Spirit   .   W - +1 hat of the Unseen Realm {Str+3 Int+3}
rElec    +         Reflect  .   Q - +0 cloak
rCorr    +         Harm     .   (no gloves)
MR       ++++.     NoTele   +   B - +0 pair of boots "Koavar" {*Drain +Inv rF++ rCorr} (curse)
Stlth    +.........             J - amulet of Hyext {RegenMP rF++}
HPRegen  0.41/turn              V - ring of Renteng {MR++ EV+4}
MPRegen  0.57/turn              R - ring "Yxid" {Ice Int+2 Dex-5 Slay+4 SInv}

@: studying Axes, repel missiles
A: distributed training, fangs 1, strong nose
0: Orb of Zot
a: Upheaval, Elemental Force, Disaster Area, Renounce Religion, Evoke
Invisibility


You escaped.
You worshipped Qazlal.
Qazlal was exalted by your worship.
You were not hungry.

You visited 1 branch

Inventory:

Hand Weapons
 F - the +7 great mace "Firestarter" {inner flame, rF++}
   (You found it in the Dungeon)

   It has been specially enchanted to burn those struck by it, causing extra
   injury to most foes and up to half again as much damage against particularly
   susceptible opponents.
   It greatly protects you from fire.
 G - the +6 shillelagh "Devastator" (weapon) {shatter}
   (You found it in the Dungeon)
Armour
 b - +5 gold dragon scales (worn)
 B - the cursed +0 pair of boots "Koavar" (worn) {*Drain +Inv rF++ rCorr}
   (You found it in the Dungeon)

   It greatly protects you from fire.
   It lets you turn invisible.
   It protects you from acid and corrosion.
   It causes draining when unequipped.
   It has a curse placed upon it.
 E - the +18 shield of the Gong (worn) {rElec rN+ MR+ EV-5}
   (You found it in the Dungeon)

   It affects your evasion (-5).
   It insulates you from electricity.
   It protects you from negative energy.
   It affects your resistance to hostile enchantments.
 Q - a +0 cloak (worn)
 W - the +1 hat of the Unseen Realm (worn) {Str+3 Int+3}
   (You found it in the Dungeon)

   It affects your strength (+3).
   It affects your intelligence (+3).
Jewellery
 m - an uncursed ring of wizardry
 v - a +6 ring of dexterity
 w - a +6 ring of dexterity
 x - a +6 ring of intelligence
 y - a +6 ring of intelligence
 z - a +6 ring of strength
 A - a +6 ring of strength
 C - the ring "Lasizihe" {rF++ rC- MR+ Dex+3}
   (You took it off a centaur warrior in the Dungeon)

   [ring of protection from magic]

   It affects your dexterity (+3).
   It greatly protects you from fire.
   It makes you vulnerable to cold.
   It affects your resistance to hostile enchantments.
 D - the amulet of the Air {Inacc +Fly rElec EV+5 RMsl}
   (You found it in the Dungeon)

   [amulet of inaccuracy]

   It reduces the accuracy of all your attacks.
   It affects your evasion (+5).
   It insulates you from electricity.
   It lets you fly.
   It protects you from missiles.
 H - the ring "Ujua" {rF- AC+3 Str+7 Int+7}
   (You found it in the Dungeon)

   [ring of protection]

   It affects your AC (+3).
   It affects your strength (+7).
   It affects your intelligence (+7).
   It makes you vulnerable to fire.
 J - the amulet of Hyext (around neck) {RegenMP rF++}
   (You found it in the Dungeon)

   [amulet of magic regeneration]

   It increases your magic regeneration.
   It greatly protects you from fire.
 K - an uncursed ring of positive energy
 L - an uncursed ring of protection from fire
 M - the ring of the Mage {Wiz MR++ Int+3}
   (You found it in the Dungeon)

   [ring of wizardry]

   It improves your spell success rate.
   It affects your intelligence (+3).
   It affects your resistance to hostile enchantments.
 N - the ring "Fyib Kacke" {rF+ rN+ SInv}
   (You found it in the Dungeon)

   [ring of see invisible]

   It protects you from fire.
   It protects you from negative energy.
   It lets you see invisible.
 O - the ring of the Heron {rCorr +Blink +Fly Str+3 Int-5}
   (You took it off a vampire mage in the Dungeon)

   [ring of resist corrosion]

   It affects your strength (+3).
   It affects your intelligence (-5).
   It lets you fly.
   It lets you blink.
 R - the ring "Yxid" (right hand) {Ice Int+2 Dex-5 Slay+4 SInv}
   (You found it in the Dungeon)

   [ring of ice]

   It enhances your ice magic.
   It affects your intelligence (+2).
   It affects your dexterity (-5).
   It affects your accuracy and damage with ranged weapons and melee attacks
   (+4).
   It makes you vulnerable to fire.
   It protects you from cold.
   It lets you see invisible.
 S - the ring of Cedeiz {*Corrode rF+ Dex+5 Stlth-}
   (You found it in the Dungeon)

   [ring of loudness]

   It affects your dexterity (+5).
   It protects you from fire.
   It may corrode you when you take damage.
   It makes you less stealthy.
 U - the ring of the Moon {*Corrode rC+++ MR+ Stlth+}
   (You took it off a wight in the Dungeon)

   [ring of protection from magic]

   It renders you almost immune to cold.
   It affects your resistance to hostile enchantments.
   It may corrode you when you take damage.
   It makes you more stealthy.
 V - the ring of Renteng (left hand) {MR++ EV+4}
   (You found it in the Dungeon)

   [ring of evasion]

   It affects your evasion (+4).
   It affects your resistance to hostile enchantments.
 Z - a +4 ring of dexterity
Scrolls
 i - 3 scrolls of blinking
 p - 4 scrolls of amnesia
 q - 7 scrolls of fog
 r - a scroll of holy word
 s - 4 scrolls of identify
 t - 5 scrolls of remove curse
 u - 2 scrolls of fear
 I - 7 scrolls of brand weapon
 T - 4 scrolls of enchant weapon
 Y - 4 scrolls of enchant armour
Potions
 d - 10 potions of curing
 e - 8 potions of heal wounds
 f - 6 potions of haste
 g - 6 potions of magic
 h - 2 potions of berserk rage
 j - 2 potions of brilliance
 k - 2 potions of invisibility
 l - 3 potions of resistance
 n - 9 potions of agility
 o - 6 potions of might
 P - 2 potions of flight
Books
 a - a manual of Crossbows
 X - a manual of Axes
Comestibles
 c - 4 rations


   Skills:
 + Level 24.7 Fighting
 + Level 24.2 Short Blades
 + Level 24.2 Long Blades
 + Level 25.9 Axes
 + Level 24.7 Maces & Flails
 + Level 24.2 Polearms
 O Level 27 Staves
 + Level 24.2 Slings
 + Level 24.2 Bows
 O Level 27 Crossbows
 + Level 24.2 Throwing
 + Level 24.2 Armour
 O Level 27 Dodging
 + Level 24.4 Stealth
 + Level 24.2 Shields
 + Level 24.2 Unarmed Combat
 O Level 27 Spellcasting
 + Level 21.1 Conjurations
 + Level 21.1 Hexes
 + Level 21.1 Charms
 + Level 21.1 Summonings
 + Level 21.1 Necromancy
 + Level 21.1 Translocations
 + Level 21.1 Transmutations
 + Level 21.1 Fire Magic
 + Level 21.1 Ice Magic
 + Level 21.1 Air Magic
 + Level 21.1 Earth Magic
 + Level 21.1 Poison Magic
 + Level 25.9 Invocations
 + Level 24.2 Evocations


You had 73 spell levels left.
You didn't know any spells.

Dungeon Overview and Level Annotations

Branches:
Dungeon (1/1)

Altars:
Ashenzari
Cheibriados
Dithmenos
Elyvilon
Fedhas
Gozag
Hepliaklqana
Kikubaaqudgha
Makhleb
Nemelex Xobeh
Okawaru
Qazlal
Ru
Sif Muna
Trog
Uskayaw
Vehumet
Wu Jian
Xom
Yredelemnul
Zin
The Shining One
Beogh
Jiyva
Lugonu


Innate Abilities, Weirdness & Mutations

Your experience applies equally to all skills.
You have very sharp teeth.
Your uncanny sense of smell can sniff out nearby items.


Message History

Things that are here:
the amulet of Subua {Gourm rC+ Str-3 SInv Stlth+} a flail of flaming; a robe You see here a buckler.
You see here an uncursed staff of conjuration.
You see here a robe.
You see here a book of Necromancy.
You see here a robe.
There is a transporter here.
An exit appears before you!
You enter the transporter and appear at another place.
Found the Orb of Zot.
Found a staircase leading out of the dungeon.
You see here the Orb of Zot.
You see here the Orb of Zot.
You pick up the Orb of Zot!
The Orb lets out a hideous shriek!
The lords of Pandemonium are not amused.
Beware!
Now all you have to do is get back out of the dungeon!
There is a staircase leading out of the dungeon here.
You have escaped!

............▓..▓...))..▓..▓...8©8
.)..)......=▓.▓▓▓.[.†.▓▓▓.▓..)}}=
...))....[..▓..▓..†)†..▓..▓..)}[|
...)).......▓.............▓......
....).))÷)..▓......©......▓...)..
......))....▓▓▓▓▓▓▓▓▓▓▓▓▓▓▓...)..
▓...)...▓...▓8888888888888▓....).
▓▓.....▓▓▓..▓8...........8▓..▓)%.
▓.......▓...▓8.§@...§.©..8▓.▓))..
............▓8.§§.§......8▓..†.©.
....©......≈▓8888888888888▓▓▓▓▓▓▓
▓▓▓▓▓▓▓▓▓▓▓▓▓▓▓▓▓▓▓▓▓▓▓▓▓▓▓▓▓▓▓▓▓
.....8©8........▓........8©8.....
)))")}=.|[")|}=.▓.}:|[).:|:.))::.
)=}=[))|):|.}"}.▓...::.|......}=|
}..}..)"[[[...).▓..)).}[....)[}..
................▓..........÷...÷.


There were no monsters in sight!

Vanquished Creatures
  A pandemonium lord (D)
  4 orbs of fire (D)
  4 golden dragons (D)
  7 pearl dragons (D)
  A bone dragon (D)
  2 liches (D)
  A tentacled monstrosity (D)
  2 quicksilver dragons (D)
  7 deep elf master archers (D)
  6 shadow dragons (D)
  8 tentacled starspawn (D)
  Agnes (D)
  6 fire giants (D)
  8 daevas (D)
  2 nagarajas (D)
  Louise (D)
  4 iron dragons (D)
  11 angels (D)
  4 balrugs (D)
  Aizul (D)
  A ghoul (D)
  4 stone giants (D)
  3 reapers (D)
  A very ugly thing (D)
  3 vampire knights (D)
  11 apis (D)
  12 ophanim (D)
  A yellow draconian (D)
  Azrael (D)
  3 merfolk javelineers (D)
  Josephine (D)
  9 fire dragons (D)
  Erolcha (D)
  2 yaktaur captains (D)
  A rakshasa (D)
  7 ice dragons (D)
  6 hydras (D)
  3 anacondas (D)
  8 centaur warriors (D)
  5 hell hogs (D)
  2 vampire magi (D)
  4 thrashing horrors (D)
  7 soul eaters (D)
  An orc high priest (D)
  4 wretched stars (D)
  2 sixfirhies (D)
  9 skeletal warriors (D)
  A spriggan druid (D)
  5 large abominations (D)
  5 death drakes (D)
  A glowing orange brain (D)
  15 starcursed masses (D)
  A deep elf archer (D)
  17 cherubim (D)
  5 swamp dragons (D)
  4 necromancers (D)
  A deep elf mage (D)
  5 cyclopes (D)
  2 toenail golems (D)
  A worldbinder (D)
  4 rust devils (D)
  A water nymph (shapeshifter) (D)
  9 naga magi (D)
  3 guardian serpents (D)
  2 apocalypse crabs (D)
  Joseph (D)
  3 black mambas (D)
  3 smoke demons (D)
  2 kobold demonologists (D)
  A freezing wraith (D)
  3 tormentors (D)
  A komodo dragon (D)
  4 rime drakes (D)
  11 yaktaurs (D)
  13 efreet (D)
  An ice devil (D)
  2 ancient zymes (D)
  A red devil (D)
  2 hornets (D)
  4 merfolk (D)
  Prince Ribbit (D)
  A raiju (D)
  3 slime creatures (D)
  A blink frog (D)
  2 hippogriffs (D)
  A flying skull (D)
  4 vampires (D)
  2 air elementals (D)
  4 ynoxinuls (D)
  4 shadows (D)
  5 spriggans (D)
  A wyvern (D)
  3 fire elementals (D)
  A yak (D)
  A wraith (D)
  4 steam dragons (D)
  3 neqoxecs (D)
  3 chaos spawn (D)
  Menkaure (D)
  An insubstantial wisp (D)
  4 nagas (D)
  6 acid dragons (D)
  2 water moccasins (D)
  A floating eye (D)
  6 small abominations (D)
  9 hell hounds (D)
  5 porcupines (D)
  2 ice beasts (D)
  A black bear (D)
  2 eyes of draining (D)
  A phantom (D)
  A necrophage (D)
  5 centaurs (D)
  A wolf (D)
  A crocodile (D)
  3 bullfrogs (D)
  5 wights (D)
  6 quasits (D)
  2 crimson imps (D)
  Crazy Yiuf (D)
  6 iron imps (D)
  3 jellies (D)
  2 mummies (D)
  4 adders (D)
  A shadow imp (D)
  6 white imps (D)
  2 ufetubi (D)
  An ooze (D)
  A spectral adder (D)
  6 adder zombies (D)
  5 adder skeletons (D)
  A spectral bat (D)
  6 bat skeletons (D)
  6 bat zombies (D)
  A jackal (D)
  3 ball pythons (D)
  2 ball python zombies (D)
  3 giant cockroach zombies (D)
  A jackal zombie (D)
  2 leopard gecko skeletons (D)
  2 leopard gecko zombies (D)
  2 quokka skeletons (D)
  2 quokka zombies (D)
  2 spectral jackals (D)
  A spectral leopard gecko (D)
  5 fire vortices (D)
  A starspawn tentacle (D)
514 creatures vanquished.

Vanquished Creatures (collateral kills)
  A shadow dragon (D)
  A soul eater (D)
2 creatures vanquished.

Vanquished Creatures (others)
  A ghoul (D)
  A naga warrior (D)
  A spatial maelstrom (D)
  A deep elf mage (D)
  A fire elemental (D)
  An adder (D)
  A ball python (D)
  5 starspawn tentacles (D)
12 creatures vanquished.

Grand Total: 528 creatures vanquished

Notes
Turn   | Place    | Note
-------+----------+-------------------------------------------
     0 | D        | Found the +6 Majin-Bo {vamp, Archmagi MP+6 Int+6}
     0 | D        | Found the +7 great mace "Firestarter" {inner flame, rF++}
     0 | D        | Loading the Gnoll Monk began the quest for the Orb.
     0 | D        | Reached XP level 1. HP: 23/23 MP: 1/1
    17 | D        | Found a deep blue altar of Sif Muna.
    17 | D        | Found a bloodstained altar of Trog.
    17 | D        | Found a sacrificial altar of Ru.
    17 | D        | Found a stormy altar of Qazlal.
    17 | D        | Found an iron altar of Okawaru.
    19 | D        | Found a sparkling altar of Nemelex Xobeh.
    20 | D        | Found a blossoming altar of Fedhas.
    22 | D        | Found a transporter.
    22 | D        | Found an ancient bone altar of Kikubaaqudgha.
    22 | D        | Found a viscous altar of Jiyva.
    22 | D        | Found a corrupted altar of Lugonu.
    22 | D        | Found a hazy altar of Hepliaklqana.
    22 | D        | Found a burning altar of Makhleb.
    22 | D        | Found an opulent altar of Gozag.
    28 | D        | Banished a spatial maelstrom
    39 | D        | Found the +9 heavy crossbow "Sniper" {velocity, Acc+∞ SInv}
    39 | D        | Found the +10 dark maul {crush}
    39 | D        | Found the +15 Maxwell's patent armour {-Cast -Tele rElec MR+ rCorr}
    39 | D        | Found the +18 shield of the Gong {rElec rN+ MR+ EV-5}
    39 | D        | Found the cursed +14 obsidian axe {chop, +Fly SInv *Curse}
    41 | D        | Found the +6 shillelagh "Devastator" {shatter}
    41 | D        | Found the +11 plutonium sword {*Contam Stlth-}
    41 | D        | Found the +8 lance "Wyrmbane" {slay drac, rPois rF+ rC+ AC+3}
    41 | D        | Found the +9 sword of Zonguldrok {reap}
    41 | D        | Found the cursed +13 scythe of Curses {drain, *Curse}
    41 | D        | Found the +0 sword of Power
    41 | D        | Found the +7 mace of Variability {chaos}
    41 | D        | Found the +7 Singing Sword
    41 | D        | Found the +7 longbow "Piercer" {penet, EV-2}
    70 | D        | Became a worshipper of Qazlal Stormbringer
    70 | D        | Reached * piety under Qazlal
    70 | D        | Reached ** piety under Qazlal
    83 | D        | Entered arena 2.
    83 | D        | Noticed a toenail golem
    83 | D        | Noticed a toenail golem
    83 | D        | Found a transporter.
    84 | D        | Reached skill level 1 in Conjurations
    84 | D        | Reached skill level 1 in Hexes
    84 | D        | Reached skill level 1 in Charms
    84 | D        | Reached skill level 1 in Summonings
    84 | D        | Reached skill level 1 in Necromancy
    84 | D        | Reached skill level 1 in Translocations
    84 | D        | Reached skill level 1 in Transmutations
    84 | D        | Reached skill level 1 in Fire Magic
    84 | D        | Reached skill level 1 in Ice Magic
    84 | D        | Reached skill level 1 in Air Magic
    84 | D        | Reached skill level 1 in Earth Magic
    84 | D        | Reached skill level 1 in Poison Magic
    84 | D        | Reached XP level 2. HP: 31/31 MP: 1/5
    89 | D        | Killed a toenail golem
    89 | D        | Reached skill level 5 in Invocations
    89 | D        | Reached XP level 3. HP: 37/37 MP: 1/9
    89 | D        | Reached XP level 4. HP: 44/44 MP: 1/10
    89 | D        | Reached XP level 5. HP: 49/49 MP: 1/12
    89 | D        | Reached XP level 6. HP: 56/56 MP: 1/13
    89 | D        | Killed a toenail golem
    89 | D        | Reached skill level 5 in Short Blades
    89 | D        | Reached skill level 5 in Long Blades
    89 | D        | Reached skill level 5 in Axes
    89 | D        | Reached skill level 5 in Polearms
    89 | D        | Reached skill level 5 in Staves
    89 | D        | Reached skill level 5 in Slings
    89 | D        | Reached skill level 5 in Bows
    89 | D        | Reached skill level 5 in Crossbows
    89 | D        | Reached skill level 5 in Throwing
    89 | D        | Reached skill level 5 in Armour
    89 | D        | Reached skill level 5 in Shields
    89 | D        | Reached skill level 5 in Unarmed Combat
    89 | D        | Reached skill level 5 in Spellcasting
    89 | D        | Reached skill level 5 in Evocations
    89 | D        | Reached XP level 7. HP: 63/63 MP: 1/15
   184 | D        | Entered arena 3.
   184 | D        | Found a transporter.
   188 | D        | Reached *** piety under Qazlal
   200 | D        | Entered arena 4.
   200 | D        | Noticed a merfolk
   200 | D        | Noticed a merfolk
   200 | D        | Noticed a merfolk
   200 | D        | Noticed a merfolk
   200 | D        | Found a transporter.
   207 | D        | Killed a merfolk
   207 | D        | Reached skill level 5 in Conjurations
   207 | D        | Reached skill level 5 in Hexes
   207 | D        | Reached skill level 5 in Charms
   207 | D        | Reached skill level 5 in Summonings
   207 | D        | Reached skill level 5 in Necromancy
   207 | D        | Reached skill level 5 in Translocations
   207 | D        | Reached skill level 5 in Transmutations
   207 | D        | Reached skill level 5 in Fire Magic
   207 | D        | Reached skill level 5 in Ice Magic
   207 | D        | Reached skill level 5 in Air Magic
   207 | D        | Reached skill level 5 in Earth Magic
   207 | D        | Reached skill level 5 in Poison Magic
   207 | D        | Reached XP level 8. HP: 46/71 MP: 15/17
   217 | D        | Killed a merfolk
   217 | D        | Killed a merfolk
   217 | D        | Reached **** piety under Qazlal
   220 | D        | Killed a merfolk
   478 | D        | Got the ring "Ujua" {rF- AC+3 Str+7 Int+7}
   481 | D        | Entered arena 5.
   481 | D        | Found a transporter.
   485 | D        | Reached XP level 9. HP: 77/78 MP: 19/19
   486 | D        | Reached ***** piety under Qazlal
   598 | D        | Entered arena 6.
   598 | D        | Noticed a rust devil
   598 | D        | Found a transporter.
   611 | D        | Killed a rust devil
   611 | D        | Reached skill level 10 in Fighting
   611 | D        | Reached skill level 10 in Maces & Flails
   611 | D        | Reached skill level 10 in Dodging
   616 | D        | Got the amulet of Hyext {RegenMP rF++}
   628 | D        | Entered arena 7.
   628 | D        | Noticed a cyclops
   628 | D        | Noticed a centaur warrior
   628 | D        | Noticed a centaur warrior
   628 | D        | Noticed a yaktaur captain
   629 | D        | Found the +7 sceptre of Torment
   630 | D        | Found a transporter.
   634 | D        | Killed a centaur warrior
   635 | D        | Killed a centaur warrior
   635 | D        | Reached XP level 10. HP: 68/86 MP: 15/22
   637 | D        | Killed a cyclops
   637 | D        | Reached ****** piety under Qazlal
   639 | D        | Killed a yaktaur captain
   719 | D        | Entered arena 8.
   719 | D        | Noticed a hell hog
   720 | D        | Found the +8 whip "Snakebite" {curare, rPois}
   721 | D        | Found a transporter.
   726 | D        | Reached skill level 10 in Stealth
   731 | D        | Killed a hell hog
   731 | D        | Reached skill level 10 in Invocations
   796 | D        | Entered arena 9.
   796 | D        | Noticed a deep elf mage
   796 | D        | Noticed a deep elf mage
   796 | D        | Noticed an orc high priest
   796 | D        | Noticed a deep elf archer
   797 | D        | Found a transporter.
   798 | D        | Killed a deep elf mage
   798 | D        | Killed a deep elf archer
   798 | D        | Reached XP level 11. HP: 93/93 MP: 24/24
   798 | D        | Killed an orc high priest
   798 | D        | Killed a deep elf mage
   978 | D        | Entered arena 10.
   978 | D        | Noticed a spriggan druid
   978 | D        | Noticed a spriggan rider
   978 | D        | Noticed a spriggan rider
   979 | D        | Found a transporter.
   985 | D        | Killed a spriggan druid
   985 | D        | Reached skill level 10 in Short Blades
   985 | D        | Reached skill level 10 in Long Blades
   985 | D        | Reached skill level 10 in Axes
   985 | D        | Reached skill level 10 in Polearms
   985 | D        | Reached skill level 10 in Staves
   985 | D        | Reached skill level 10 in Slings
   985 | D        | Reached skill level 10 in Bows
   985 | D        | Reached skill level 10 in Crossbows
   985 | D        | Reached skill level 10 in Throwing
   985 | D        | Reached skill level 10 in Armour
   985 | D        | Reached skill level 10 in Shields
   985 | D        | Reached skill level 10 in Unarmed Combat
   985 | D        | Reached skill level 10 in Spellcasting
   985 | D        | Reached skill level 10 in Evocations
  1145 | D        | Entered arena 11.
  1146 | D        | Found the ring of the Mage {Wiz MR++ Int+3}
  1148 | D        | Found a transporter.
  1167 | D        | Got the ring "Fyib Kacke" {rF+ rN+ SInv}
  1277 | D        | Entered arena 12.
  1277 | D        | Noticed an ophan
  1278 | D        | Noticed a pearl dragon
  1278 | D        | Noticed a pearl dragon
  1279 | D        | Found a transporter.
  1281 | D        | Killed a pearl dragon
  1281 | D        | Reached XP level 12. HP: 83/103 MP: 18/26
  1294 | D        | Killed a pearl dragon
  1296 | D        | Killed an ophan
  1426 | D        | Entered arena 13.
  1426 | D        | Noticed Crazy Yiuf
  1426 | D        | Noticed Prince Ribbit
  1426 | D        | Noticed Erolcha
  1426 | D        | Noticed Joseph
  1426 | D        | Noticed Menkaure
  1426 | D        | Noticed Josephine
  1426 | D        | Noticed Agnes
  1426 | D        | Noticed Louise
  1428 | D        | Noticed Aizul
  1429 | D        | Killed Prince Ribbit
  1431 | D        | Noticed Azrael
  1433 | D        | Killed Louise
  1433 | D        | Killed Agnes
  1433 | D        | Reached skill level 10 in Conjurations
  1433 | D        | Reached skill level 10 in Hexes
  1433 | D        | Reached skill level 10 in Charms
  1433 | D        | Reached skill level 10 in Summonings
  1433 | D        | Reached skill level 10 in Necromancy
  1433 | D        | Reached skill level 10 in Translocations
  1433 | D        | Reached skill level 10 in Transmutations
  1433 | D        | Reached skill level 10 in Fire Magic
  1433 | D        | Reached skill level 10 in Ice Magic
  1433 | D        | Reached skill level 10 in Air Magic
  1433 | D        | Reached skill level 10 in Earth Magic
  1433 | D        | Reached skill level 10 in Poison Magic
  1434 | D        | Killed Crazy Yiuf
  1434 | D        | Killed Erolcha
  1434 | D        | Killed Menkaure
  1434 | D        | Killed Joseph
  1434 | D        | Killed Azrael
  1434 | D        | Killed Josephine
  1434 | D        | Reached XP level 13. HP: 94/111 MP: 13/29
  1438 | D        | Killed Aizul
  1447 | D        | Found a transporter.
  1533 | D        | Entered arena 14.
  1534 | D        | Noticed an angel
  1536 | D        | Found a transporter.
  1596 | D        | Killed an angel
  1674 | D        | Entered arena 15.
  1703 | D        | Found a transporter.
  1704 | D        | Got the ring of the Heron {rCorr +Blink +Fly Str+3 Int-5}
  1778 | D        | Entered arena 16.
  1783 | D        | Found a transporter.
  1795 | D        | Got the ring of Renteng {MR++ EV+4}
  1855 | D        | Entered arena 17.
  1858 | D        | Noticed a nagaraja
  1862 | D        | Reached skill level 15 in Staves
  1867 | D        | Killed a nagaraja
  1880 | D        | Found a transporter.
  1930 | D        | Entered arena 18.
  1932 | D        | Noticed a reaper
  1932 | D        | Noticed a reaper
  1933 | D        | Noticed a reaper
  1943 | D        | Killed a reaper
  1947 | D        | Killed a reaper
  1949 | D        | Killed a reaper
  1949 | D        | Reached skill level 15 in Dodging
  1949 | D        | Reached XP level 14. HP: 121/121 MP: 21/31
  1950 | D        | Found a transporter.
  1984 | D        | Entered arena 19.
  1986 | D        | Noticed a nagaraja
  1997 | D        | Reached skill level 15 in Fighting
  1997 | D        | Reached skill level 15 in Maces & Flails
  1999 | D        | Killed a nagaraja
  1999 | D        | Reached skill level 15 in Invocations
  2013 | D        | Found a transporter.
  2042 | D        | Got the ring of Cedeiz {*Corrode rF+ Dex+5 Stlth-}
  2359 | D        | Entered arena 20.
  2363 | D        | Noticed a ghoul
  2364 | D        | Noticed a shadow dragon
  2368 | D        | Found the +3 giant club "Skullcrusher" {speed, Str+7}
  2384 | D        | Killed a shadow dragon
  2390 | D        | Killed a ghoul
  2752 | D        | Found a transporter.
  2760 | D        | Entered arena 21.
  2767 | D        | Reached skill level 15 in Stealth
  2769 | D        | Found a transporter.
  3103 | D        | Entered arena 22.
  3107 | D        | Noticed a lich
  3108 | D        | Noticed a ghoul
  3108 | D        | Noticed a vampire knight
  3110 | D        | Noticed a vampire knight
  3110 | D        | Killed a lich
  3111 | D        | Noticed a vampire knight
  3112 | D        | Noticed a lich
  3116 | D        | Killed a ghoul
  3116 | D        | Reached skill level 15 in Short Blades
  3116 | D        | Reached skill level 15 in Long Blades
  3116 | D        | Reached skill level 15 in Axes
  3116 | D        | Reached skill level 15 in Polearms
  3116 | D        | Reached skill level 15 in Slings
  3116 | D        | Reached skill level 15 in Bows
  3116 | D        | Reached skill level 15 in Crossbows
  3116 | D        | Reached skill level 15 in Throwing
  3116 | D        | Reached skill level 15 in Armour
  3116 | D        | Reached skill level 15 in Shields
  3116 | D        | Reached skill level 15 in Unarmed Combat
  3116 | D        | Reached skill level 15 in Spellcasting
  3116 | D        | Reached skill level 15 in Evocations
  3116 | D        | Reached XP level 15. HP: 102/131 MP: 14/34
  3118 | D        | Killed a lich
  3147 | D        | Found a transporter.
  3148 | D        | Got the ring of the Moon {*Corrode rC+++ MR+ Stlth+}
  3158 | D        | Got the +1 hat of the Unseen Realm {Str+3 Int+3}
  3351 | D        | Entered arena 23.
  3358 | D        | Noticed a tentacled starspawn
  3358 | D        | Noticed a tentacled starspawn
  3359 | D        | Noticed a tentacled monstrosity
  3359 | D        | Killed a tentacled starspawn
  3360 | D        | Killed a tentacled starspawn
  3367 | D        | Killed a tentacled monstrosity
  3373 | D        | Paralysed by accursed screaming for 2 turns
  3378 | D        | Found a transporter.
  3385 | D        | Killed a starcursed mass
  3485 | D        | Got the cursed +0 pair of boots "Koavar" {*Drain +Inv rF++ rCorr}
  3503 | D        | Entered arena 24.
  3508 | D        | Noticed a deep elf master archer
  3508 | D        | Noticed a deep elf master archer
  3509 | D        | Noticed a deep elf master archer
  3509 | D        | Noticed a deep elf master archer
  3510 | D        | Found the +8 glaive of the Guard {elec, +Rage AC+5 SInv}
  3510 | D        | Noticed a deep elf master archer
  3510 | D        | Noticed a deep elf master archer
  3510 | D        | Noticed a deep elf master archer
  3511 | D        | Found the amulet of the Air {Inacc +Fly rElec EV+5 RMsl}
  3511 | D        | Killed a deep elf master archer
  3511 | D        | Killed a deep elf master archer
  3511 | D        | Reached XP level 16. HP: 109/141 MP: 36/36
  3511 | D        | Killed a deep elf master archer
  3511 | D        | Killed a deep elf master archer
  3511 | D        | Killed a deep elf master archer
  3511 | D        | Killed a deep elf master archer
  3511 | D        | Identified the +4 whip "Eviscerator" {venom, Dex+2}
  3512 | D        | Killed a deep elf master archer
  3512 | D        | Reached skill level 15 in Conjurations
  3512 | D        | Reached skill level 15 in Hexes
  3512 | D        | Reached skill level 15 in Charms
  3512 | D        | Reached skill level 15 in Summonings
  3512 | D        | Reached skill level 15 in Necromancy
  3512 | D        | Reached skill level 15 in Translocations
  3512 | D        | Reached skill level 15 in Transmutations
  3512 | D        | Reached skill level 15 in Fire Magic
  3512 | D        | Reached skill level 15 in Ice Magic
  3512 | D        | Reached skill level 15 in Air Magic
  3512 | D        | Reached skill level 15 in Earth Magic
  3512 | D        | Reached skill level 15 in Poison Magic
  3514 | D        | Found a transporter.
  3571 | D        | Got the ring "Lasizihe" {rF++ rC- MR+ Dex+3}
  3659 | D        | Entered arena 25.
  3666 | D        | Noticed an orb of fire
  3667 | D        | Noticed an orb of fire
  3668 | D        | Noticed an orb of fire
  3668 | D        | Killed an orb of fire
  3670 | D        | Reached XP level 17. HP: 135/153 MP: 19/41
  3671 | D        | Killed an orb of fire
  3672 | D        | Noticed an orb of fire
  3675 | D        | Killed an orb of fire
  3690 | D        | Killed an orb of fire
  3697 | D        | Found the +3 Elemental Staff {rElec rF++ rC++ MR++ AC+5}
  3697 | D        | Found a transporter.
  4062 | D        | Entered arena 26.
  4070 | D        | Noticed Wuacumun the pandemonium lord
  4070 | D        | Noticed a tentacled starspawn
  4070 | D        | Noticed a bone dragon
  4071 | D        | Noticed a tentacled starspawn
  4071 | D        | Noticed a tentacled starspawn
  4072 | D        | Noticed a tentacled starspawn
  4072 | D        | Noticed a tentacled starspawn
  4072 | D        | Killed a tentacled starspawn
  4073 | D        | Killed a tentacled starspawn
  4073 | D        | Killed a tentacled starspawn
  4073 | D        | Killed a tentacled starspawn
  4074 | D        | Killed a tentacled starspawn
  4074 | D        | Reached XP level 18. HP: 105/164 MP: 23/44
  4075 | D        | Killed a bone dragon
  4107 | D        | Killed Wuacumun the pandemonium lord
  4899 | D        | Found a transporter.
  4918 | D        | Got the ring "Yxid" {Ice Int+2 Dex-5 Slay+4 SInv}
  4925 | D        | Entered arena 27.
  4932 | D        | Noticed a quicksilver dragon
  4933 | D        | Noticed a golden dragon
  4933 | D        | Noticed a golden dragon
  4933 | D        | Noticed a golden dragon
  4935 | D        | Noticed a golden dragon
  4935 | D        | Noticed a quicksilver dragon
  4936 | D        | Killed a golden dragon
  4937 | D        | Killed a golden dragon
  4938 | D        | Killed a golden dragon
  4938 | D        | Killed a quicksilver dragon
  4938 | D        | Killed a golden dragon
  4938 | D        | Reached XP level 19. HP: 172/175 MP: 32/48
  4938 | D        | Reached skill level 27 in Dodging
  4946 | D        | Found the +2 Maxwell's thermic engine {flame, freeze, rF- rC-}
  4947 | D        | Found a transporter.
  5218 | D        | Entered arena 28.
  5229 | D        | Noticed a pearl dragon
  5230 | D        | Noticed a pearl dragon
  5230 | D        | Noticed a pearl dragon
  5232 | D        | Noticed a pearl dragon
  5232 | D        | Noticed a pearl dragon
  5233 | D        | Found the +0 pair of fencer's gloves {+Riposte Dex+3}
  5233 | D        | Killed a pearl dragon
  5234 | D        | Killed a pearl dragon
  5234 | D        | Reached skill level 27 in Spellcasting
  5237 | D        | Killed a pearl dragon
  5240 | D        | Reached XP level 20. HP: 161/188 MP: 23/51
  5240 | D        | Killed a pearl dragon
  5240 | D        | Reached skill level 27 in Staves
  5246 | D        | Reached skill level 27 in Crossbows
  5246 | D        | Killed a pearl dragon
  5249 | D        | Found the +10 Black Knight's horse barding {ponderous, rPois rN+}
  5355 | D        | Found a transporter.
  5398 | D        | Got the Orb of Zot
  5403 | D        | Escaped with the Orb!

Vault maps used:
D:        sprint_v

Skill      XL: |  1  2  3  4  5  6  7  8  9 10 11 12 13 14 15 16 17 18 19 20 |
---------------+-------------------------------------------------------------+-----
Fighting       | 7 8 9 10 11 12 13 14 16 17 19 20 22 24 | 24.7
Short Blades   | 2 4 5 6 7 8 9 10 12 13 15 16 18 20 21 23 24 | 24.2
Long Blades    | 2 4 5 6 7 8 9 10 12 13 15 16 18 20 21 23 24 | 24.2
Axes           | 2 4 5 6 7 8 9 10 12 13 15 16 18 20 21 24 25 | 25.9
Maces & Flails | 7 8 9 10 11 12 13 14 16 17 19 20 22 24 | 24.7
Polearms       | 2 4 5 6 7 8 9 10 12 13 15 16 18 20 21 23 24 | 24.2
Staves         | 2 4 5 6 7 8 9 11 13 15 18 20 22 24 25 26 27 | 27.0
Slings         | 2 4 5 6 7 8 9 10 12 13 15 16 18 20 21 23 24 | 24.2
Bows           | 2 4 5 6 7 8 9 10 12 13 15 16 18 20 21 23 24 | 24.2
Crossbows      | 2 4 5 6 7 8 9 10 12 13 15 16 18 20 23 26 27 | 27.0
Throwing       | 2 4 5 6 7 8 9 10 12 13 15 16 18 20 21 23 24 | 24.2
Armour         | 2 4 5 6 7 8 9 10 12 13 15 16 18 20 21 23 24 | 24.2
Dodging        | 7 8 9 10 11 12 13 15 17 19 22 24 26 27 | 27.0
Shields        | 2 4 5 6 7 8 9 10 12 13 15 16 18 20 21 23 24 | 24.2
Unarmed Combat | 2 4 5 6 7 8 9 10 12 13 15 16 18 20 21 23 24 | 24.2
Spellcasting   | 2 4 5 6 7 8 9 10 12 13 15 16 20 22 25 27 | 27.0
Conjurations   | 1 4 5 7 8 9 10 11 12 14 15 17 18 20 21 | 21.1
Hexes          | 1 4 5 7 8 9 10 11 12 14 15 17 18 20 21 | 21.1
Charms         | 1 4 5 7 8 9 10 11 12 14 15 17 18 20 21 | 21.1
Summonings     | 1 4 5 7 8 9 10 11 12 14 15 17 18 20 21 | 21.1
Necromancy     | 1 4 5 7 8 9 10 11 12 14 15 17 18 20 21 | 21.1
Translocations | 1 4 5 7 8 9 10 11 12 14 15 17 18 20 21 | 21.1
Transmutations | 1 4 5 7 8 9 10 11 12 14 15 17 18 20 21 | 21.1
Fire Magic     | 1 4 5 7 8 9 10 11 12 14 15 17 18 20 21 | 21.1
Ice Magic      | 1 4 5 7 8 9 10 11 12 14 15 17 18 20 21 | 21.1
Air Magic      | 1 4 5 7 8 9 10 11 12 14 15 17 18 20 21 | 21.1
Earth Magic    | 1 4 5 7 8 9 10 11 12 14 15 17 18 20 21 | 21.1
Poison Magic   | 1 4 5 7 8 9 10 11 12 14 15 17 18 20 21 | 21.1
Invocations    | 2 5 6 7 9 10 11 13 14 16 17 19 21 23 25 | 25.9
Evocations     | 2 4 5 6 7 8 9 10 12 13 15 16 18 20 21 23 24 | 24.2
Stealth        | 6 7 8 9 10 11 12 14 15 17 18 20 21 23 24 | 24.4

Action                   |  1- 3 |  4- 6 |  7- 9 | 10-12 | 13-15 | 16-18 | 19-21 || total
-------------------------+-------+-------+-------+-------+-------+-------+-------++-------
Melee: Shillelagh        |     4 |       |    43 |    67 |   189 |    50 |    23 ||   376
       Bite              |     2 |       |     8 |    15 |    26 |     6 |     3 ||    60
Invok: Disaster Area     |       |       |     1 |    10 |    23 |    18 |     9 ||    61
       Elemental Force   |       |       |       |       |     1 |       |       ||     1
       Upheaval          |       |       |       |       |       |       |     1 ||     1
  Use: Potion            |     2 |       |     1 |       |     3 |     7 |     4 ||    17
       Scroll            |       |       |       |       |     2 |     1 |       ||     3
  Eat: Ration            |       |       |     1 |       |     2 |     1 |       ||     4
Armor: Gold dragon scale |       |       |    12 |    11 |    59 |     8 |     2 ||    92
Dodge: Dodged            |       |       |     1 |     7 |    25 |    11 |     4 ||    48
       Deflected         |       |       |       |     3 |     8 |     2 |       ||    13
Block: Shield            |     6 |       |    77 |    81 |   347 |    87 |    18 ||   616

Table legend:
 A = Spawn XP
 B = Non-spawn XP
 C = Spawn XP percentage of total XP
 D = Spawn monster count
 E = Non-spawn monster count
 F = Spawn count percentage of total count
 G = Total turns spent on level
                    A         B        C        D         E        F      G
               +---------+---------+-------+---------+---------+-------+---------
         Total |       0 |  431865 |   0.0 |       0 |     515 |   0.0 |  5403
               +---------+---------+-------+---------+---------+-------+---------
             D |       0 |  431865 |   0.0 |       0 |     515 |   0.0 |  5403
               +---------+---------+-------+---------+---------+-------+---------
